AoeStats
← Maikol29

Black Forest

509801710Analyzed
3v3 RM · 6d ago on Sep 28, 2026· 43m 48s· 6 players
Game mode
Random Map
Map size
Normal (6 player)
Population
200
Speed
Normal
Resources
Standard
Victory
Conquest
Starting age
Dark Age
Ending age
Imperial Age
RankedLock teamsTeams togetherTeam positionsShared explorationLock speedFull tech treeHidden civsTurbo modeCheats
Victory
Defeat
🇲🇽 Teutons · Mexico
855
+12
🇺🇸 Japanese · United States
850
+12
🇲🇽 Khmer · Mexico
849
+12
🇪🇨 Huns · Ecuador
811
-14
🇬🇧 Varangians · United Kingdom
795
-13
🇳🇿 Saxons · New Zealand
678
-9
SlyScissors443
0:30 Loom
13:56 Feudal Age
29:29 Town Watch
35:32 Double-Bit Axe
44:13 Castle Age
Breyder25
0:39 Loom
15:18 Feudal Age
16:10 Double-Bit Axe
17:02 Horse Collar
20:16 Man-at-Arms
24:41 Scale Barding Armor
29:01 Castle Age
27:01 Stone Mining
28:00 Forging
27:42 Fletching
28:58 Padded Archer Armor
28:57 Gold Mining
29:42 Bodkin Arrow
31:44 Iron Casting
34:14 Gold Shaft Mining
34:32 Squires
34:46 Scale Mail Armor
35:58 Leather Archer Armor
36:26 Chain Mail Armor
38:56 Crossbowman
40:20 Chain Barding Armor
42:46 Murder Holes
Zace
1:01 Loom
13:55 Feudal Age
15:36 Wheelbarrow
14:45 Horse Collar
14:52 Double-Bit Axe
15:03 Gold Mining
15:04 Stone Mining
16:37 Man-at-Arms
17:03 Arson
22:13 Fletching
23:43 Padded Archer Armor
25:18 Forging
25:09 Scale Mail Armor
27:02 Scale Barding Armor
28:09 Bloodlines
33:04 Castle Age
35:17 Iron Casting
34:37 Bodkin Arrow
34:58 Leather Archer Armor
34:58 Chain Mail Armor
34:07 Long Swordsman
34:49 Squires
34:52 Husbandry
36:03 Chain Barding Armor
38:09 Fortified Wall
37:55 Murder Holes
37:44 Treadmill Crane
37:42 Pikeman
39:04 Gambesons
39:22 Light Cavalry
40:26 Thumb Ring
41:01 Masonry
40:44 Guard Tower
42:33 Ballistics
Figueroa
11:20 Feudal Age
13:40 Loom
16:17 Castle Age
14:47 Horse Collar
14:56 Double-Bit Axe
19:54 Pikeman
20:10 Light Cavalry
25:12 Bow Saw
25:14 Heavy Plow
25:55 Gold Mining
36:14 Imperial Age
36:41 Heavy Scorpion
40:10 Siege Engineers
40:13 Double Crossbow
JFAR
8:40 Loom
11:20 Feudal Age
11:29 Man-at-Arms
12:24 Arson
14:22 Fletching
26:07 Forging
28:24 Castle Age
29:45 Iron Casting
29:07 Bodkin Arrow
29:02 Double-Bit Axe
29:15 Pikeman
29:56 Squires
31:04 Crossbowman
32:36 Guard Tower
35:17 Scale Mail Armor
35:18 Padded Archer Armor
35:45 Ballistics
38:47 Bow Saw
43:42 Imperial Age
42:47 Chain Mail Armor
42:49 Leather Archer Armor
Maikol29
0:51 Loom
19:47 Feudal Age
21:48 Wheelbarrow
21:39 Bloodlines
25:06 Castle Age
24:48 Fletching
26:21 Hand Cart
30:18 Pikeman
35:24 Forging
35:23 Scale Barding Armor
39:14 Horse Collar
42:00 Double-Bit Axe
42:17 Heavy Plow
42:54 Iron Casting
42:14 Bodkin Arrow
Connection lost

Rejoining the realm…

Still unreachable

The connection could not be restored.

Session expired

The server has moved on; the page needs a fresh start.